 Dungeon Crawl Stone Soup version 0.29-a0-837-g174bc33265 (webtiles) character file.

Game seed: 8990498694108706835

294 Ijustatesigmund the Firebug (level 6, -2/45 HPs)
             Began as a Hill Orc Fire Elementalist on July 13, 2022.
             Slain by an orc priest
             ... wielding a +0 trident
              (5 damage)
             ... on level 4 of the Dungeon.
             The game lasted 00:07:44 (5167 turns).

Ijustatesigmund the Firebug (HOFE)                  Turns: 5167, Time: 00:07:45

Health: -2/45      AC:  5    Str: 11    XL:     6   Next: 34%
Magic:  3/10       EV: 11    Int: 17    God:
Gold:   163        SH:  0    Dex: 11    Spells: 4/11 levels left

rFire   . . .      SeeInvis .   c - +0 mace (freeze)
rCold   . . .      Faith    .   (no shield)
rNeg    . . .      Spirit   .   a - +1 leather armour
rPois   .          Reflect  .   m - +0 helmet
rElec   .          Harm     .   (no cloak)
rCorr   .          Rampage  .   (no gloves)
Will    .....                   (no boots)
Stlth   +.........              (no amulet)
HPRegen 0.15/turn               f - ring of flight
MPRegen 0.12/turn               (no ring)

@: flying
A: no striking features
a: Convert to Beogh


You were on level 4 of the Dungeon.
You visited 1 branch of the dungeon, and saw 4 of its levels.

You collected 163 gold pieces.

Inventory:

Hand Weapons
 c - a +0 mace of freezing (weapon)
Armour
 a - a +1 leather armour (worn)
 m - a +0 helmet (worn)
Jewellery
 f - a ring of flight (left hand)
 i - the ring "Wufosar" {rC- rN+ Str+6 Stlth+}
   (You found it on level 2 of the Dungeon)

   [ring of strength]

   Str:       It affects your strength (+6).
   rC:        It makes you vulnerable to cold.
   rN:        It protects you from negative energy.
   Stlth:     It makes you more stealthy.
Wands
 n - a wand of flame (4)
Scrolls
 e - a scroll of magic mapping
 k - a scroll of blinking
 o - a scroll of identify
Potions
 b - 2 potions of magic
 d - 2 potions of lignification
 h - a potion of haste {unknown}
 j - a potion of berserk rage {unknown}
 l - a potion of flight


   Skills:
 - Level 1.0 Armour
 - Level 1.5 Dodging
 - Level 1.5 Stealth
 + Level 3.0 Spellcasting
 + Level 3.4 Conjurations
 + Level 5.0 Fire Magic


You had 4 spell levels left.
You knew the following spells:

 Your Spells              Type           Power      Damage    Failure   Level
a - Foxfire               Conj/Fire      68%        2x1d7     4%          1
b - Scorch                Fire           38%        2d6       4%          2
c - Flame Wave            Conj/Fire      17%        2d6       36%         4

Your spell library contained the following spells:

 Spells                   Type           Power      Damage    Failure   Level
 Conjure Flame            Conj/Fire      17%        6-21      12%         3
 Apportation              Tloc           4%         N/A       22%         1
 Necrotise                Necr           8%         1d4       22%         1
 Summon Small Mammal      Summ           8%         N/A       22%         1
 Inner Flame              Hex/Fire       11%        N/A       24%         3
 Call Canine Familiar     Summ           2%         N/A       56%         3
 Summon Guardian Golem    Hex/Summ       2%         N/A       56%         3


Dungeon Overview and Level Annotations

Branches:
Dungeon (4/15)
 Temple: D:4-7

Altars:

Annotations:
D:3 Grinder


Message History

The ball python bites you but does no damage.
The ball python closely misses you. The orc hits you with a +0 short sword.
The orc priest hits you from afar with a +0 trident.
The foxfire hits the ball python.
The ball python is moderately wounded.
The ball python barely misses you. The ball python grabs you.
The ball python constricts you.
The orc priest hits you from afar with a +0 trident.
* * * LOW HITPOINT WARNING * * *
Unknown command.
It was a potion of heal wounds.
You feel much better. The ball python bites you.
The ball python constricts you. The orc hits you but does no damage.
The orc priest barely misses you.
You escape the ball python's grasp.
The ball python attacks as you move away!
The ball python bites you. The ball python barely misses you.
Casting: Foxfire (safe; 4% risk of failure)
Confirm with . or Enter, or press ? or * to list all spells.
Flames lash the ball python.
You kill the ball python!
The orc completely misses you.
The orc priest hits you from afar with a +0 trident!
Casting: Scorch (safe; 4% risk of failure)
Confirm with . or Enter, or press ? or * to list all spells.
Flames lash the orc priest.
The orc priest is heavily wounded.
The orc priest's fire resistance burns away.
The orc priest hits you but does no damage.
The orc hits you with a +0 short sword.
* * * LOW HITPOINT WARNING * * *
The orc hits you but does no damage.
The orc priest shouts, "Join the one true god or die!"
The orc priest hits you from afar with a +0 trident.
* * * LOW HITPOINT WARNING * * *
It was a potion of flight.
You feel more buoyant. The orc hits you with a +0 short sword.
* * * LOW HITPOINT WARNING * * *
The orc priest hits you from afar with a +0 trident.
You die...

######### ###
#.......# ..
#.#####.# .#
#.###
#.#####.###.##
#...#
#....@o)......
#...#
#.#####o......
#...###.#
.......
#.......#
##.....
#.......#
.....
##.###### ....
#.# ... #.##
... #..#


You could see an orc priest (combustible) and an orc.

Vanquished Creatures
  A scorpion (D:3)
  An orc priest (D:4)
  Natasha (twice) (D:3)
  Robin (D:3)
  A gnoll (D:1)
  4 adders
  2 worms (D:2)
  A dart slug (D:2)
  8 orcs
  2 bats
  7 endoplasms
  5 giant cockroaches
  18 goblins
  5 hobgoblins
  4 jackals (D:3)
  2 quokkas
  4 ball pythons
  3 frilled lizards
  5 kobolds
  5 rats
81 creatures vanquished.

Vanquished Creatures (others)
  178 foxfires
178 creatures vanquished.

Grand Total: 259 creatures vanquished

Notes
Turn   | Place    | Note
-------+----------+-------------------------------------------
     0 | D:1      | Ijustatesigmund the Hill Orc Fire Elementalist began the
                  | quest for the Orb.
     0 | D:1      | Reached XP level 1. HP: 14/14 MP: 3/3
   343 | D:1      | Found a faded altar of an unknown god.
   371 | D:1      | Reached XP level 2. HP: 18/20 MP: 0/4
   374 | D:1      | Learned a level 2 spell: Scorch
   874 | D:1      | Reached XP level 3. HP: 26/26 MP: 3/6
  1924 | D:2      | Identified the ring "Wufosar" {rC- rN+ Str+6 Stlth+}
  2467 | D:2      | Reached skill level 4 in Fire Magic
  2644 | D:2      | Reached skill level 1 in Armour
  2644 | D:2      | Reached XP level 4. HP: 17/33 MP: 1/7
  3169 | D:3      | Noticed Robin
  3192 | D:3      | Killed Robin
  3286 | D:3      | Noticed Natasha
  3297 | D:3      | Killed Natasha
  3298 | D:3      | Reached XP level 5. HP: 16/38 MP: 3/8
  4304 | D:3      | Learned a level 4 spell: Flame Wave
  4426 | D:3      | Noticed Natasha
  4432 | D:3      | Killed Natasha
  4433 | D:3      | Reached XP level 6. HP: 45/45 MP: 6/10
  4610 | D:3      | Noticed Grinder
  4612 | D:3      | Paralysed by Grinder for 2 turns
  4872 | D:4      | Reached skill level 5 in Fire Magic
  5167 | D:4      | Slain by an orc priest

Illustrated notes

Levels and vault maps discovered:
D:1:      wander_arrival_fairy_ring, layout_basic,
          hellmonk_ecumenical_altar_arch_garden
D:2:      layout_rooms, kennysheep_another_room
D:3:      layout_basic, minmay_close_crescents, uniq_natasha, uniq_grinder,
          uniq_robin
D:4:      layout_loops_cross, minmay_temple_entry_drinking_statues

Skill      XL: |  1  2  3  4  5  6 |
---------------+-------------------+-----
Spellcasting   | 2 3 |  3.0
Conjurations   | 2 3 |  3.4
Fire Magic     | 4 5 |  5.0
Armour         | 1 |  1.0
Dodging        | |  1.5
Stealth        | |  1.5

Action                   |  1- 3 |  4- 6 || total
-------------------------+-------+-------++-------
Melee: Unarmed           |     4 |       ||     4
       Mace              |     9 |    44 ||    53
 Cast: Foxfire           |    55 |    52 ||   107
       Scorch            |     7 |    17 ||    24
  Use: Scroll            |     8 |     3 ||    11
       Potion            |       |     4 ||     4
Armor: Robe              |     4 |       ||     4
       Leather armour    |     1 |    43 ||    44
Dodge: Dodged            |    16 |    72 ||    88

Table legend: (Time is in decaauts)
 A = Elapsed time spent in this place.
 B = Non-inter-level travel time spent in this place.
 C = Inter-level travel time spent in this place.
 D = Time resting spent in this place.
 E = Time spent auto-exploring this place.
 F = Levels seen in this place.
 G = Mean time per level.
                   A        B        C        D        E       F      G
               +--------+--------+--------+--------+--------+-----+--------+
         Total |   5186 |   5135 |     51 |   2590 |   1926 |   4 | 1296.5 |
       Dungeon |   5186 |   5135 |     51 |   2590 |   1926 |   4 | 1296.5 |
               +--------+--------+--------+--------+--------+-----+--------+

Top non-repeatable levels by time:
     D:1: 1662 daAuts
     D:3: 1573 daAuts
     D:2: 1404 daAuts
     D:4: 545 daAuts
